NYP
HILLSBORO HOPS @ EUGENE EMERALDS
05/10/2044
 
TOP OF THE 1ST
Hillsboro Hops batting - Pitching for Eugene Emeralds : RHP Mark Duffy
Pitching: RHP Mark Duffy
Batting: RHB Edgar Garcia 0-0: Ball
1-0: Ball
2-0: Called Strike
2-1: Ball
3-1: Base on Balls
Batting: RHB Brandon Joshua 0-0: Called Strike
0-1: Ball
Edgar Garcia steals 2nd base
1-1: Swinging Strike
1-2: Fly out, F4 (Popup, 4S, EV 80.6 MPH)
Batting: RHB Larry Hardman 0-0: Ball
1-0: Ball
Edgar Garcia steals 3rd base
2-0: Foul Ball, location: 2F
2-1: Swinging Strike
2-2: Strikes out looking
Batting: RHB Jeremy Coffey 0-0: Called Strike
0-1: Called Strike
0-2: Foul Ball, location: 2F
0-2: Strikes out swinging
Top of the 1st over - 0 runs, 0 hits, 0 errors, 1 left on base; Hillsboro 0 - Eugene 0
BOTTOM OF THE 1ST
Eugene Emeralds batting - Pitching for Hillsboro Hops : RHP Mike Stover
Pitching: RHP Mike Stover
Batting: RHB Garrett Granata 0-0: Ball
1-0: Ball
2-0: Ball
3-0: Base on Balls
Batting: RHB Chris Slama 0-0: Ball
1-0: Ball
2-0: Called Strike
2-1: Called Strike
Garrett Granata steals 2nd base
2-2: Strikes out swinging
Batting: RHB Francisco Ramirez 0-0: Fly out, F9 (Line Drive, 9, EV 90.6 MPH)
Batting: LHB Trevor Spaulding 0-0: Ball
1-0: Called Strike
1-1: Called Strike
1-2: Ball
2-2: Foul Ball, location: 2F
2-2: Ball
3-2: Foul Ball, location: 2F
3-2: Foul Ball, location: 2F
3-2: Ground out 4-3 (Groundball, 4, EV 91.9 MPH)
Bottom of the 1st over - 0 runs, 0 hits, 0 errors, 1 left on base; Hillsboro 0 - Eugene 0
TOP OF THE 2ND
Hillsboro Hops batting - Pitching for Eugene Emeralds : RHP Mark Duffy
Batting: RHB Chris Bittner 0-0: Called Strike
0-1: Ball
1-1: Foul Ball, location: 2F
1-2: Ball
2-2: Strikes out swinging
Batting: LHB Andy Wilmoth 0-0: Ball
1-0: Swinging Strike
1-1: Foul Ball, location: 2F
1-2: Strikes out swinging
Batting: RHB Jeremy Adams 0-0: Ball
1-0: Foul Ball, location: 2F
1-1: Ball
2-1: Ball
3-1: Foul Ball, location: 2F
3-2: Foul Ball, location: 2F
3-2: Strikes out swinging
Top of the 2nd over - 0 runs, 0 hits, 0 errors, 0 left on base; Hillsboro 0 - Eugene 0
BOTTOM OF THE 2ND
Eugene Emeralds batting - Pitching for Hillsboro Hops : RHP Mike Stover
Batting: LHB Mark Huey 0-0: Foul Ball, location: 2F
0-1: Ball
1-1: Ball
2-1: Ball
3-1: Called Strike
3-2: Fly out, F8 (Flyball, 8RD, EV 96.3 MPH)
Batting: SHB Bob Hamilton 0-0: Called Strike
0-1: Foul Ball, location: 2F
0-2: Strikes out looking
Batting: RHB Brian Gargis 0-0: SINGLE (Groundball, 4S, EV 63.8 MPH) (infield hit)
Batting: RHB Adam Kelliher 0-0: Called Strike
Brian Gargis steals 2nd base
0-1: Called Strike
0-2: Ground out 6-3 (Groundball, 6, EV 100.0 MPH)
Bottom of the 2nd over - 0 runs, 1 hit, 0 errors, 1 left on base; Hillsboro 0 - Eugene 0
TOP OF THE 3RD
Hillsboro Hops batting - Pitching for Eugene Emeralds : RHP Mark Duffy
Batting: RHB Bryan Shuller 0-0: Swinging Strike
0-1: Foul Ball, location: 2F
0-2: Foul Ball, location: 2F
0-2: Foul Ball, location: 2F
0-2: SINGLE (Groundball, 56D, EV 97.5 MPH)
Batting: RHB Trevor Corey 0-0: Ball
1-0: Fielders Choice at 2nd, 3-6 (Groundball, 34S, EV 85.0 MPH)
Batting: RHB Edgar Garcia 0-0: Ball
1-0: Ball
2-0: Swinging Strike
2-1: Swinging Strike
2-2: Foul Ball, location: 2F
2-2: Strikes out swinging
Batting: RHB Brandon Joshua 0-0: Ball
1-0: Swinging Strike
1-1: Fly out, F7 (Flyball, 7LS, EV 85.0 MPH)
Top of the 3rd over - 0 runs, 1 hit, 0 errors, 1 left on base; Hillsboro 0 - Eugene 0
BOTTOM OF THE 3RD
Eugene Emeralds batting - Pitching for Hillsboro Hops : RHP Mike Stover
Batting: RHB Jonathan Ridgely 0-0: Ball
1-0: DOUBLE (Flyball, 89D, EV 89.4 MPH)
Batting: RHB Garrett Granata 0-0: Ground out 6-3 (Groundball, 6, EV 87.5 MPH)
Batting: RHB Chris Slama 0-0: Ball
1-0: Called Strike
1-1: Ball
2-1: Ball
3-1: Ground out 6-3 (Groundball, 6, EV 85.6 MPH)
Batting: RHB Francisco Ramirez 0-0: Called Strike
0-1: Ball
1-1: Ground out U3 (Groundball, 3L, EV 111.9 MPH)
Bottom of the 3rd over - 0 runs, 1 hit, 0 errors, 1 left on base; Hillsboro 0 - Eugene 0
TOP OF THE 4TH
Hillsboro Hops batting - Pitching for Eugene Emeralds : RHP Mark Duffy
Batting: RHB Larry Hardman 0-0: Ball
1-0: Foul Ball, location: 2F
1-1: Ball
2-1: Fly out, F7 (Flyball, 7LM, EV 85.6 MPH)
Batting: RHB Jeremy Coffey 0-0: Ball
1-0: Fly out, F4 (Popup, 4, EV 59.4 MPH)
Batting: RHB Chris Bittner 0-0: Foul Ball, location: 2F
0-1: Ground out 5-3 (Groundball, 5L, EV 105.6 MPH)
Top of the 4th over - 0 runs, 0 hits, 0 errors, 0 left on base; Hillsboro 0 - Eugene 0
BOTTOM OF THE 4TH
Eugene Emeralds batting - Pitching for Hillsboro Hops : RHP Mike Stover
Batting: LHB Trevor Spaulding 0-0: Ball
1-0: Fly out, F3 (Line Drive, 3, EV 70.0 MPH)
Batting: LHB Mark Huey 0-0: Foul Ball, location: 2F
0-1: Ball
1-1: Ball
2-1: Foul Ball, location: 2F
2-2: Strikes out swinging
Batting: SHB Bob Hamilton 0-0: Called Strike
0-1: Ball
1-1: Ball
2-1: Ground out 1-3 (Groundball, 13S, EV 66.3 MPH)
Bottom of the 4th over - 0 runs, 0 hits, 0 errors, 0 left on base; Hillsboro 0 - Eugene 0
TOP OF THE 5TH
Hillsboro Hops batting - Pitching for Eugene Emeralds : RHP Mark Duffy
Batting: LHB Andy Wilmoth 0-0: Ball
1-0: Ball
2-0: Ball
3-0: Called Strike
3-1: Foul Ball, location: 2F
3-2: Foul Ball, location: 2F
3-2: Fly out, F7 (Flyball, 7, EV 88.1 MPH)
Batting: RHB Jeremy Adams 0-0: Ball
1-0: Foul Ball, location: 2F
1-1: Called Strike
1-2: Foul Ball, location: 2F
1-2: Fly out, F9 (Flyball, 9, EV 93.1 MPH)
Batting: RHB Bryan Shuller 0-0: Foul Ball, location: 2F
0-1: Swinging Strike
0-2: Strikes out swinging
Top of the 5th over - 0 runs, 0 hits, 0 errors, 0 left on base; Hillsboro 0 - Eugene 0
BOTTOM OF THE 5TH
Eugene Emeralds batting - Pitching for Hillsboro Hops : RHP Mike Stover
Batting: RHB Brian Gargis 0-0: SINGLE (Line Drive, 34D, EV 101.3 MPH)
Batting: RHB Adam Kelliher 0-0: Ball
1-0: Fly out, F7 (Flyball, 7LS, EV 76.9 MPH)
Batting: RHB Jonathan Ridgely 0-0: Ball
1-0: Ball
Brian Gargis steals 2nd base
2-0: Called Strike
2-1: Foul Ball, location: 2F
2-2: Strikes out swinging
Batting: RHB Garrett Granata 0-0: Ball
1-0: Called Strike
1-1: Swinging Strike
1-2: Strikes out swinging
Bottom of the 5th over - 0 runs, 1 hit, 0 errors, 1 left on base; Hillsboro 0 - Eugene 0
TOP OF THE 6TH
Hillsboro Hops batting - Pitching for Eugene Emeralds : RHP Mark Duffy
Batting: RHB Trevor Corey 0-0: Ball
1-0: Swinging Strike
1-1: Swinging Strike
1-2: Foul Ball, location: 2F
1-2: Ball
2-2: Foul Ball, location: 2F
2-2: Strikes out looking
Pitching: LHP Jesse Fields
Batting: RHB Edgar Garcia 0-0: Ball
1-0: Foul Ball, location: 2F
1-1: Swinging Strike
1-2: Strikes out swinging
Batting: RHB Brandon Joshua 0-0: Ball
1-0: Ball
2-0: Swinging Strike
2-1: Swinging Strike
2-2: Ball
3-2: Foul Ball, location: 2F
3-2: Foul Ball, location: 2F
3-2: Strikes out swinging
Top of the 6th over - 0 runs, 0 hits, 0 errors, 0 left on base; Hillsboro 0 - Eugene 0
BOTTOM OF THE 6TH
Eugene Emeralds batting - Pitching for Hillsboro Hops : RHP Mike Stover
Batting: RHB Chris Slama 0-0: Ground out U3 (Groundball, 34S, EV 73.8 MPH)
Batting: RHB Francisco Ramirez 0-0: Ball
1-0: Fly out, F6 (Popup, 6, EV 73.1 MPH)
Batting: LHB Trevor Spaulding 0-0: Ball
1-0: Ground out 3-1 (Groundball, 34, EV 97.5 MPH)
Bottom of the 6th over - 0 runs, 0 hits, 0 errors, 0 left on base; Hillsboro 0 - Eugene 0
TOP OF THE 7TH
Hillsboro Hops batting - Pitching for Eugene Emeralds : LHP Jesse Fields
Batting: RHB Larry Hardman 0-0: Called Strike
0-1: Ball
1-1: Ball
2-1: SINGLE (Groundball, 6S, EV 71.9 MPH) (infield hit)
Batting: RHB Jeremy Coffey 0-0: Called Strike
0-1: Ball
1-1: Ball
2-1: Called Strike
2-2: Fielders Choice at 2nd, 5-4 (Groundball, 56, EV 105.0 MPH)
Batting: RHB Chris Bittner 0-0: Called Strike
0-1: Foul Ball, location: 2F
0-2: Foul Ball, location: 2F
0-2: Strikes out looking
Batting: LHB Andy Wilmoth 0-0: Ball
1-0: Called Strike
1-1: Called Strike
1-2: Foul Ball, location: 2F
1-2: Foul Ball, location: 2F
1-2: Ball
2-2: Ball
3-2: Base on Balls
Jeremy Coffey to second
Batting: RHB Jeremy Adams 0-0: Foul Ball, location: 2F
0-1: Ball
1-1: Foul Ball, location: 2F
1-2: Ball
2-2: Strikes out swinging
Top of the 7th over - 0 runs, 1 hit, 0 errors, 2 left on base; Hillsboro 0 - Eugene 0
BOTTOM OF THE 7TH
Eugene Emeralds batting - Pitching for Hillsboro Hops : RHP Mike Stover
Batting: LHB Mark Huey 0-0: Ball
1-0: Foul Ball, location: 2F
1-1: Ball
2-1: Foul Ball, location: 2F
2-2: Ground out U3 (Groundball, 3, EV 84.4 MPH)
Batting: SHB Bob Hamilton 0-0: Ball
1-0: Ground out U3 (Groundball, 34S, EV 83.1 MPH)
Batting: RHB Brian Gargis 0-0: Swinging Strike
0-1: Swinging Strike
0-2: Ball
1-2: Strikes out looking
Bottom of the 7th over - 0 runs, 0 hits, 0 errors, 0 left on base; Hillsboro 0 - Eugene 0
TOP OF THE 8TH
Hillsboro Hops batting - Pitching for Eugene Emeralds : LHP Jesse Fields
Pitching: LHP Mike Alexander
Batting: RHB Bryan Shuller 0-0: Called Strike
0-1: Ball
1-1: Called Strike
1-2: Strikes out swinging
Batting: RHB Trevor Corey 0-0: Ball
1-0: Ball
2-0: Ball
3-0: Called Strike
3-1: Reached on error, E6 (Groundball, 4MS, EV 85.0 MPH)
Batting: RHB Edgar Garcia 0-0: Swinging Strike
0-1: Foul Ball, location: 2F
0-2: Strikes out swinging
Batting: RHB Brandon Joshua 0-0: Foul Ball, location: 2F
0-1: Ball
1-1: Swinging Strike
1-2: Strikes out swinging
Top of the 8th over - 0 runs, 0 hits, 1 error, 1 left on base; Hillsboro 0 - Eugene 0
BOTTOM OF THE 8TH
Eugene Emeralds batting - Pitching for Hillsboro Hops : RHP Mike Stover
Batting: RHB Adam Kelliher 0-0: Called Strike
0-1: Ground out 6-3 (Groundball, 6, EV 78.8 MPH)
Pitching: RHP Manuel Maldonado
Batting: RHB Jonathan Ridgely 0-0: Ground out 4-3 (Groundball, 4, EV 88.8 MPH)
Batting: RHB Garrett Granata 0-0: Foul Ball, location: 2F
0-1: Called Strike
0-2: TRIPLE (Flyball, 78XD, EV 90.6 MPH)
Pinch Hitting: LHB Kwang-chih Men 0-0: Called Strike
0-1: Foul Ball, location: 2F
0-2: Ball
1-2: Ground out 4-3 (Groundball, 4, EV 95.0 MPH)
Bottom of the 8th over - 0 runs, 1 hit, 0 errors, 1 left on base; Hillsboro 0 - Eugene 0
TOP OF THE 9TH
Hillsboro Hops batting - Pitching for Eugene Emeralds : LHP Mike Alexander
Now at 2B: Ricky Lule
Now at SS: Bob Hamilton
Batting: RHB Larry Hardman 0-0: Swinging Strike
0-1: Fly out, F9 (Flyball, 9, EV 90.6 MPH)
Batting: RHB Jeremy Coffey 0-0: Called Strike
0-1: SINGLE (Groundball, 6MD, EV 103.8 MPH)
Batting: RHB Chris Bittner 0-0: Ball
1-0: Fly out, F3 (Popup, 3S, EV 68.8 MPH)
Batting: LHB Andy Wilmoth 0-0: Foul Ball, location: 2F
0-1: Ball
1-1: Swinging Strike
1-2: Ball
2-2: Strikes out looking
Top of the 9th over - 0 runs, 1 hit, 0 errors, 1 left on base; Hillsboro 0 - Eugene 0
BOTTOM OF THE 9TH
Eugene Emeralds batting - Pitching for Hillsboro Hops : RHP Manuel Maldonado
Batting: RHB Francisco Ramirez 0-0: Called Strike
0-1: Fly out, F7 (Line Drive, 7, EV 96.9 MPH)
Batting: LHB Trevor Spaulding 0-0: Called Strike
0-1: Ground out U3 (Groundball, 23, EV 86.3 MPH)
Batting: LHB Mark Huey 0-0: Called Strike
0-1: SINGLE (Line Drive, 8RM, EV 93.8 MPH)
Batting: SHB Bob Hamilton 0-0: Ball
Mark Huey steals 2nd base
1-0: Intentional Walk
Batting: RHB Brian Gargis 0-0: SINGLE (Line Drive, 4D, EV 95.6 MPH)
Mark Huey to third
Bob Hamilton to second
Batting: RHB Adam Kelliher 0-0: Ball
1-0: SINGLE (Groundball, 6M, EV 100.6 MPH) (infield hit)
Mark Huey scores
Bottom of the 9th over - 1 run, 3 hits, 0 errors, 0 left on base; Hillsboro 0 - Eugene 1
Game Over ... Eugene defeats Hillsboro, 1 to 0
Thursday, March 31st , 2022 - OOTP Baseball 22.12 Build 89